 Dungeon Crawl Stone Soup version 0.30.0-5-g1a98f26d00 (webtiles) character file.

Game seed: 9723667486061613265

116 croobank the Stinger (level 5, -6/32 HPs)
             Began as an Octopode Venom Mage on May 11, 2023.
             Mangled by a sleepcap (14 damage)
             ... on level 4 of the Dungeon.
             The game lasted 00:14:37 (3844 turns).

croobank the Stinger (Octopode Venom Mage)          Turns: 3844, Time: 00:14:37

Health: -6/32      AC:  1    Str:  7    XL:     5   Next: 0%
Magic:  8/8        EV:  2    Int: 19    God:
Gold:   116        SH:  0    Dex: 13    Spells: 2/8 levels left

rFire   . . .        l - +2 flail (holy)
rCold   + . .        (no shield)
rNeg    . . .        (helmet restricted)
rPois   .            (no amulet)
rElec   .            h - ring of protection from cold
rCorr   .            (no ring)
SInv    .            (no ring)
Will    .....        (no ring)
Stlth   +++          (no ring)
HPRegen 0.25/turn    (no ring)
MPRegen 0.11/turn    (no ring)
                     (no ring)

%: no passive effects
@: sleeping
A: almost no armour, amphibious, 8 rings, camouflage 1, gelatinous body 1,
(nimble swimmer 1), tentacles
a: no special abilities


You were on level 4 of the Dungeon.
You visited 1 branch of the dungeon, and saw 4 of its levels.

You collected 152 gold pieces.
You spent 36 gold pieces at shops.

Inventory:

Hand Weapons
 a - a +1 dagger of holy wrath
 c - a +0 short sword
 i - a +0 long sword
 j - a +0 spear
 l - a +2 flail of holy wrath (weapon)
Jewellery
 h - a ring of protection from cold (left tentacle)
Scrolls
 b - a scroll of enchant armour
 f - a scroll of identify
 g - a scroll of amnesia
 k - a scroll of teleportation
Potions
 d - a potion of magic
 e - 4 potions of mutation


   Skills:
 + Level 0.9 Fighting
 + Level 2.8 Dodging
 + Level 3.6 Stealth
 + Level 2.4 Spellcasting
 + Level 0.8 Conjurations
 + Level 1.9 Transmutations
 + Level 0.9 Air Magic
 + Level 4.2 Poison Magic


You had 2 spell levels left.
You knew the following spells:

 Your Spells              Type           Power      Damage    Failure   Level
a - Sting                 Tmut/Pois      52%        1d5       4%          1
b - Poisonous Vapours     Pois/Air       24%        N/A       9%          2
c - Mephitic Cloud        Conj/Pois/Air  9%         N/A       22%         3

Your spell library contained the following spells:

 Spells                   Type           Power      Damage    Failure   Level
 Static Discharge         Conj/Air       10%        2-3/arc   17%         2
 Olgreb's Toxic Radiance  Pois           18%        N/A       28%         4
 Airstrike                Air            3%         2d(1-17)  71%         4
 Summon Lightning Spire   Summ/Air       4%         N/A       78%         4


Dungeon Overview and Level Annotations

Branches:
Dungeon (4/15)
 Temple: D:4-7

Altars:
Kikubaaqudgha
Nemelex Xobeh
Ru

Shops:
D:1 [[(*(

Annotations:
D:3 3 runed translucent doors, Prefix's ghost, weakling MfSu; Sigmund; jimonade's ghost, amateur DsMo; qeuew's ghost, amateur GrFi; turdburglar's ghost, amateur DsNe


Innate Abilities, Weirdness & Mutations

You cannot wear most types of armour.
You are amphibious.
You can wear up to eight rings at the same time.
Your skin changes colour to match your surroundings (Stealth+).
Your rubbery body absorbs attacks. (AC +1, EV +1)
((You are camouflaged when in or above water. (Stealth+)))
You have tentacles for arms and can constrict up to eight enemies at once.


Message History

You are no longer poisoned.
You start resting.
HP restored.
You start resting.
Magic restored.
You climb downwards.
The sleepcap barely misses you.
There is a stone staircase leading up here.
Casting: Poisonous Vapours (safe; 9% risk of failure)
Confirm with . or Enter, or press ? or * to list all spells.
You can't see any susceptible monsters within range! (Use Z to cast anyway.) Unknown command.
You hit the sleepcap. You grab the sleepcap. You squeeze the sleepcap.
The sleepcap is lightly damaged.
You constrict the sleepcap. The sleepcap releases spores at you.
You are engulfed in a cloud of soporific spores!
You fall asleep.
You lose your grip on the sleepcap.
The sleepcap releases spores at you!
You wake up.
You are engulfed in a cloud of soporific spores!
You are unaffected.
You hit the sleepcap but do no damage. You grab the sleepcap.
The sleepcap is moderately damaged.
You constrict the sleepcap, but do no damage.
The sleepcap misses you. The sleepcap releases spores at you.
* * * LOW HITPOINT WARNING * * *
You are engulfed in a cloud of soporific spores!
You are unaffected.
You hit the sleepcap. You squeeze the sleepcap!
The sleepcap is heavily damaged.
You constrict the sleepcap. The sleepcap barely misses you.
You hit the sleepcap.
You squeeze the sleepcap, but do no damage.
The sleepcap is severely damaged.
You constrict the sleepcap, but do no damage.
The sleepcap releases spores at you.
* * * LOW HITPOINT WARNING * * *
You are engulfed in a cloud of soporific spores!
You fall asleep.
You lose your grip on the sleepcap.
The sleepcap barely misses you. The sleepcap releases spores at you!
You die... .. .# .. .# .# .# . ########.##.... ......f@....# ###########...# #

You could see a sleepcap.

Vanquished Creatures
  Robin (D:3)
  3 adders
  2 worms (D:3)
  2 dart slugs
  An orc (D:3)
  6 ball pythons
  6 endoplasms
  A giant cockroach (D:2)
  15 goblins
  3 hobgoblins (D:2)
  7 jackals
  A quokka (D:1)
  2 bats
  4 frilled lizards (D:1)
  2 kobolds (D:1)
  4 rats
60 creatures vanquished.

Notes
Turn   | Place    | Note
-------+----------+-------------------------------------------
     0 | D:1      | croobank the Octopode Venom Mage began the quest for the
                  | Orb.
     0 | D:1      | Reached XP level 1. HP: 11/11 MP: 3/3
   135 | D:1      | Found Veicabb's Antique Armour Emporium.
   245 | D:1      | Reached XP level 2. HP: 12/17 MP: 0/5
   318 | D:1      | Found Boti's Antique Weapon Boutique.
   372 | D:1      | Learned a level 2 spell: Poisonous Vapours
   383 | D:1      | Found Ipheuc's Assorted Antiques.
   391 | D:1      | Found Icwas's Antique Weapon Emporium.
   522 | D:1      | Bought a fizzy puce potion for 18 gold pieces
   522 | D:1      | Bought a purple potion for 18 gold pieces
   569 | D:1      | Reached XP level 3. HP: 21/21 MP: 3/6
   573 | D:1      | Learned a level 3 spell: Mephitic Cloud
   772 | D:1      | Found Roenuwic's Antique Armour Emporium.
  1658 | D:2      | Reached skill level 4 in Poison Magic
  1802 | D:2      | Found a sacrificial altar of Ru.
  1895 | D:3      | Reached XP level 4. HP: 27/27 MP: 7/7
  1939 | D:3      | Noticed Robin
  2617 | D:3      | Killed Robin
  2991 | D:3      | Found a runed translucent gate.
  2994 | D:3      | Found a runed translucent gate.
  2994 | D:3      | Noticed jimonade's ghost (amateur DsMo)
  2995 | D:3      | Found a runed translucent gate.
  2995 | D:3      | Noticed qeuew's ghost (amateur GrFi)
  2995 | D:3      | Noticed Prefix's ghost (weakling MfSu)
  2996 | D:3      | Noticed turdburglar's ghost (amateur DsNe)
  3061 | D:3      | Found a sparkling altar of Nemelex Xobeh.
  3136 | D:3      | Noticed Sigmund
  3351 | D:3      | Found an ancient bone altar of Kikubaaqudgha.
  3781 | D:3      | Reached XP level 5. HP: 23/32 MP: 1/8
  3844 | D:4      | Mangled by a sleepcap

Illustrated notes

Levels and vault maps discovered:
D:1:      dpeg_arrival_rooms_with_view, layout_rooms, serial_shops,
          nicolae_shop_tiny_glass, nicolae_shop_waterfront, shop, shop, shop
D:2:      layout_basic, basic_altar
D:3:      layout_basic, overflow_temple_1_default, nemelex_spade_bored_becter,
          gammafunk_ghost_cemetery, uniq_robin, uniq_sigmund
D:4:      layout_loops_ring, minmay_temple_entry_fiery, uniq_ijyb

Skill      XL: |  1  2  3 |
---------------+----------+-----
Stealth        | 3 |  3.6
Poison Magic   | 4 |  4.2
Fighting       | |  0.9
Dodging        | |  2.8
Spellcasting   | |  2.4
Conjurations   | |  0.8
Transmutations | |  1.9
Air Magic      | |  0.9

Action                     |  1- 3 |  4- 6 || total
---------------------------+-------+-------++-------
  Melee: Dagger            |    48 |    43 ||    91
         Tentacles         |     8 |     7 ||    15
         Constrict         |     7 |    14 ||    21
         Flail             |       |     6 ||     6
   Cast: Sting             |    18 |    14 ||    32
         Poisonous Vapours |    16 |    24 ||    40
    Use: Scroll            |    10 |     2 ||    12
         Potion            |     3 |       ||     3
   Stab: Sleeping          |     4 |     3 ||     7
 Armour: Skin              |     5 |     5 ||    10
  Dodge: Dodged            |    43 |    34 ||    77
